 Dungeon Crawl Stone Soup version 0.31-a0-1002-g8e65716e6e (webtiles) character file.

Game seed: 15370303573584444070

323 BinkBink the Ruffian (level 6, 0/88 HPs)
             Began as a Troll Shapeshifter on Nov 10, 2023.
             Slain by Duvessa
             ... wielding a +0 short sword
              (2 damage)
             ... on level 4 of the Dungeon.
             The game lasted 00:02:53 (2371 turns).

BinkBink the Ruffian (Troll Shapeshifter)           Turns: 2371, Time: 00:02:54

Health: 0/88       AC:  4    Str: 25    XL:     6   Next: 23%
Magic:  4/4        EV: 10    Int:  6    God:
Gold:   215        SH:  0    Dex:  9    Spells: 5/5 levels left

rFire   . .          .
                       - Unarmed
rCold   . . .        (no shield)
rNeg    . . .        a - +0 animal skin
rPois   .            (helmet currently unavailable)
rElec   .            (cloak currently unavailable)
rCorr   .            (gloves unavailable)
SInv    .            (boots unavailable)
Will    .....        (no amulet) Stlth
                     (no ring)
HPRegen 1.14/turn    (no ring)
MPRegen 0.09/turn

%: no passive effects
@: berserking, beast-form, very quick
A: beast (slay +2), large, unfitting armour, claws 3, regeneration 1, shaggy fur
1, tough skin 1, antennae 1, low MP 1, inability to read after injury 1
a: Begin Untransformation


You were on level 4 of the Dungeon.
You were a hulking beast.
You visited 1 branch of the dungeon, and saw 4 of its levels.

You collected 215 gold pieces.

Inventory:

Armour
 a - a +0 animal skin (worn)
 k - a +0 cloak
Jewellery
 h - an amulet of magic regeneration
Talismans
 c - a beast talisman
 d - a flux talisman
Scrolls
 e - 2 scrolls of enchant weapon {unknown}
 f - a scroll of silence {unknown}
 g - 2 scrolls of teleportation {unknown}
 i - 3 scrolls of vulnerability {unknown}
 l - a scroll of poison {unknown}
 m - a scroll of revelation {unknown}
 o - a scroll of fog {unknown}
 q - 4 scrolls of identify {unknown}
 r - a scroll of immolation {unknown}
 u - a scroll of fear {unknown}
Potions
 b - a potion of lignification
 j - a potion of berserk rage
 n - a potion of enlightenment {unknown}
 p - 2 potions of might
 s - a potion of mutation
 t - 2 potions of attraction {unknown}


   Skills:
 + Level 2.5 Fighting
 + Level 3.0 Dodging
 + Level 4.3 Unarmed Combat
 + Level 4.1 Shapeshifting


You had 5 spell levels left.
You didn't know any spells.
Your spell library contained the following spells:

 Spells                   Type           Power      Damage    Failure   Level
 Ozocubu's Armour         Ice            0%         N/A       83%         3
 Volatile Blastmotes      Fire/Tloc      0%         2d10      83%         3
 Fulminant Prism          Conj/Hex       0%         3d5       99%         4
 Iskenderun's Mystic Bla  Conj/Tloc      0%         2d3       99%         4
 Ozocubu's Refrigeration  Ice            0%         4d7       100%        7


Dungeon Overview and Level Annotations

Branches:
Dungeon (4/15)
 Temple: D:4-7

Altars:
Ashenzari
Sif Muna

Annotations:
D:4 Duvessa


Innate Abilities, Weirdness & Mutations

You are a hulking beast.
Your limbs bulge with bestial killing power. (Slay +2)
You are too large for most types of armour.
You have claws for hands.
Your natural rate of healing is unusually fast.
You are covered in fur. (AC +1)
You have tough skin. (AC +1)
You have a pair of small antennae on your head.
Your magical capacity is low. (-10% MP)
You occasionally lose the ability to read scrolls when taking damage.


Message History

You barely miss the hobgoblin. You barely miss the hobgoblin.
Dowan says, "Magic and the sword, together, will defeat you."
The hobgoblin barely misses you.
You claw Dowan!
Dowan is heavily wounded.
Dowan hits you with a +0 dagger. The hobgoblin hits you.
You claw Dowan!
Dowan is almost dead.
The hobgoblin hits you.
You scratch Dowan.
You kill Dowan!
Duvessa screams in rage.
Duvessa goes berserk!
Duvessa hits you with a +0 short sword!
The hobgoblin hits you but does no damage.
Duvessa hits you with a +0 short sword!
Your Dodging skill increases to level 3!
You scratch Duvessa.
Duvessa is lightly wounded.
The hobgoblin closely misses you. Duvessa barely misses you.
You claw Duvessa!
Duvessa is moderately wounded.
Duvessa hits you with a +0 short sword. The hobgoblin closely misses you.
You closely miss Duvessa.
Duvessa is moderately wounded.
Duvessa hits you with a +0 short sword!
* * * LOW HITPOINT WARNING * * *
The hobgoblin closely misses you. Duvessa hits you with a +0 short sword!
* * * LOW HITPOINT WARNING * * *
It was a potion of berserk rage.
A red film seems to cover your vision as you go berserk!
You feel yourself moving faster!
You feel mighty! Duvessa hits you with a +0 short sword!
* * * LOW HITPOINT WARNING * * *
The hobgoblin hits you but does no damage.
Unknown command.
You claw Duvessa!
Duvessa is heavily wounded.
Duvessa hits you with a +0 short sword.
You die...

#. ##........##.
#.###........###
#.#..........# #
#.#...########
######.#...#
.......'...#
########...#
##+########...#
#.....gh......#
#.....e)...####
#..........#
#..........#
##+#########


You could see Duvessa (berserk) and a hobgoblin.

Vanquished Creatures
  A bullfrog (D:4)
  Dowan (D:4)
  An orc priest (D:3)
  An iguana (D:4)
  Robin (D:4)
  3 adders
  3 dart slugs
  4 orcs (D:3)
  11 ball pythons
  5 bats
  10 endoplasms
  6 giant cockroaches
  13 goblins
  11 hobgoblins
  12 jackals
  5 kobolds
  2 quokkas (D:1)
  3 frilled lizards
  6 rats
99 creatures vanquished.

Notes
Turn   | Place    | Note
-------+----------+-------------------------------------------
     0 | D:1      | BinkBink the Troll Shapeshifter began the quest for the
                  | Orb.
     0 | D:1      | Reached XP level 1. HP: 18/18 MP: 0/0
    71 | D:1      | Reached skill level 1 in Fighting
    89 | D:1      | Reached XP level 2. HP: 20/27 MP: 1/1
   487 | D:1      | Reached XP level 3. HP: 33/33 MP: 2/2
  1009 | D:2      | Reached XP level 4. HP: 37/41 MP: 3/3
  1115 | D:2      | Gained mutation: You have a pair of small antennae on your
                  | head. [potion of mutation]
  1115 | D:2      | Gained mutation: Your magical capacity is low. (-10% MP)
                  | [potion of mutation]
  1115 | D:2      | Gained mutation: You occasionally lose the ability to read
                  | scrolls when taking damage. [potion of mutation]
  1230 | D:3      | Found a faded altar of an unknown god.
  1248 | D:3      | Found a broken altar of Ashenzari.
  1257 | D:3      | Prayed at the altar of an unknown god.
  1257 | D:3      | Became a worshipper of Sif Muna the Loreminder
  1257 | D:3      | Reached * piety under Sif Muna
  1258 | D:3      | Fell from the grace of Sif Muna
  2061 | D:4      | Reached XP level 5. HP: 44/49 MP: 3/3
  2139 | D:4      | Noticed Robin
  2174 | D:4      | Killed Robin
  2245 | D:4      | Reached XP level 6. HP: 54/59 MP: 4/4
  2359 | D:4      | Noticed Duvessa
  2359 | D:4      | Noticed Dowan
  2366 | D:4      | Killed Dowan
  2370 | D:4      | HP: 1/88 [Duvessa/+0 short sword (8)]
  2371 | D:4      | Slain by Duvessa

Illustrated notes

Levels and vault maps discovered:
D:1:      tarquinn_simple_flora_water_e, layout_basic
D:2:      layout_basic
D:3:      layout_basic, nicolae_overflow_ecumenical_swirl, nicolae_hexahallways,
          serial_bayou_lake_a
D:4:      layout_basic, nicolae_overflow_hidden_temple,
          chequers_serial_rivers_room_b, uniq_grinder, uniq_duvessa, uniq_robin

Skill      XL: |  1  2  3  4  5  6 |
---------------+-------------------+-----
Fighting       | 1 2 |  2.5
Dodging        | 2 3 |  3.0
Unarmed Combat | 4 |  4.3
Shapeshifting  | 4 |  4.1

Action                     |  1- 3 |  4- 6 || total
---------------------------+-------+-------++-------
  Melee: Unarmed           |   108 |   118 ||   226
         Punch             |     1 |     2 ||     3
 Invoke: Renounce Religion |       |     1 ||     1
    Use: Potion            |       |     4 ||     4
   Stab: Sleeping          |       |     1 ||     1
 Armour: Animal skin       |    99 |    79 ||   178
  Dodge: Dodged            |    75 |    58 ||   133

Table legend: (Time is in decaauts)
 A = Elapsed time spent in this place.
 B = Non-inter-level travel time spent in this place.
 C = Inter-level travel time spent in this place.
 D = Time resting spent in this place.
 E = Time spent auto-exploring this place.
 F = Levels seen in this place.
 G = Mean time per level.
                   A        B        C        D        E       F      G
               +--------+--------+--------+--------+--------+-----+--------+
         Total |   2334 |   2260 |     74 |      0 |   1775 |   4 |  583.5 |
       Dungeon |   2334 |   2260 |     74 |      0 |   1775 |   4 |  583.5 |
               +--------+--------+--------+--------+--------+-----+--------+

Top non-repeatable levels by time:
     D:3: 777 daAuts
     D:1: 590 daAuts
     D:2: 524 daAuts
     D:4: 442 daAuts
